 Dungeon Crawl Stone Soup version 0.27-a0-773-gaaee5cf45b (webtiles) character file.

Game seed: 12874304522297192875

73 rjrrt the Ruffian (level 4, -1/66 HPs)
             Began as a Troll Berserker on Mar 25, 2021.
             Was a Believer of Trog.
             Slain by Sigmund
             ... wielding a +0 scythe
              (5 damage)
             ... on level 3 of the Dungeon.
             The game lasted 00:02:49 (1360 turns).

rjrrt the Ruffian (Troll Berserker)                 Turns: 1360, Time: 00:02:50

Health: -1/66      AC:  4    Str: 26    XL:     4   Next: 8%
Magic:  3/3        EV: 10    Int:  3    God:    Trog [**....]
Gold:   42         SH:  0    Dex:  9    Spells: 3/3 levels left

rFire    . . .     SeeInvis .     - Unarmed
rCold    . . .     Faith    .   (no shield)
rNeg     . . .     Spirit   .   a - +0 animal skin
rPois    .         Reflect  .   (helmet restricted)
rElec    .         Harm     .   (no cloak)
rCorr    .         Rampage  .   (gloves unavailable)
Will     .....                  (boots unavailable)
Stlth    ..........             (no amulet)
HPRegen  1.21/turn              (no ring)
MPRegen  0.08/turn              (no ring)

@: berserking (expiring), very quick
A: large, unfitting armour, claws 3, regeneration 1, shaggy fur 1, tough skin 1
a: Renounce Religion, Berserk, Trog's Hand


You were on level 3 of the Dungeon.
You worshipped Trog.
Trog was pleased with you.
You visited 1 branch of the dungeon, and saw 3 of its levels.

You collected 42 gold pieces.

Inventory:

Missiles
 j - 4 javelins (quivered)
Armour
 a - a +0 animal skin (worn)
Jewellery
 c - an amulet of magic regeneration
Scrolls
 b - a scroll of silence {unknown}
 d - 2 scrolls of identify {unknown}
 e - 2 scrolls of fear {unknown}
 f - a scroll of fog {unknown}
 h - 2 scrolls of teleportation {unknown}
 i - a scroll of amnesia {unknown}
Potions
 g - a potion of brilliance {unknown}


   Skills:
 - Level 2.4 Fighting
 + Level 0.7 Throwing
 - Level 2.4 Dodging
 * Level 4.8 Unarmed Combat


You had 3 spell levels left.
You didn't know any spells.
Your spell library was empty.

Dungeon Overview and Level Annotations

Branches:
Dungeon (3/15)

Altars:
Gozag
Kikubaaqudgha
Nemelex Xobeh
Okawaru
Ru
Vehumet
Xom

Shops:
D:1 *

Annotations:
D:3 Sigmund


Innate Abilities, Weirdness & Mutations

You are too large for most types of armour.
You have claws for hands.
Your natural rate of healing is unusually fast.
You are covered in fur. (AC +1)
You have tough skin. (AC +1)


Message History

You kill the hobgoblin!
Trog accepts your kill.
You can now call upon Trog for regeneration and willpower.
Unknown command.
The orc barely misses you. Something hits you!
* * * LOW HITPOINT WARNING * * *
Things that are here:
a hobgoblin corpse; a frilled lizard corpse You scratch the orc.
The orc is almost dead.
The orc hits you with a +0 short sword.
* * * LOW HITPOINT WARNING * * *
Something hits you.
* * * LOW HITPOINT WARNING * * *
You claw the orc!
You kill the orc!
Trog accepts your kill.
You have reached level 4!
You completely miss the orc. Something hits you but does no damage.
The orc hits you with a +0 flail.
* * * LOW HITPOINT WARNING * * *
You mangle the orc!!
You kill the orc!
Trog accepts your kill.
Unknown command.
You barely miss the orc. Something hits you!
* * * LOW HITPOINT WARNING * * *
Unknown command.
You mangle the orc!!
You kill the orc!
Trog accepts your kill. Something hits you.
* * * LOW HITPOINT WARNING * * *
Unknown command.
You claw the jackal!
You kill the jackal!
Trog accepts your kill.
Unknown command.
Something hits you.
You die...

## . .. .#(.#.##
#.......# #.. #..<# ...
....#
.###########.###.#h#####
......<....#.#..{h......
.........#.#.#.#@#.####
.............#)#†#
+#####.......#.#.#
...............#.#
...#########.###.# ...#
.......# ...# ###.###.#
..## #.# ### ..# #.#


You could see 2 jackals.

Vanquished Creatures
  2 adders
  A worm (D:2)
  A dart slug (D:2)
  4 orcs (D:3)
  2 ball pythons (D:1)
  5 bats (D:1)
  4 endoplasms
  2 giant cockroaches (D:1)
  A goblin (D:2)
  8 hobgoblins
  4 jackals
  A quokka (D:2)
  2 frilled lizards
  2 rats
39 creatures vanquished.

Notes
Turn   | Place    | Note
-------+----------+-------------------------------------------
     0 | D:1      | rjrrt the Troll Berserker began the quest for the Orb.
     0 | D:1      | Reached XP level 1. HP: 22/22 MP: 0/0
   258 | D:1      | Found Jemiu's Assorted Antiques.
   402 | D:1      | Reached XP level 2. HP: 29/29 MP: 1/1
   705 | D:2      | Found a shimmering altar of Xom.
   705 | D:2      | Found a radiant altar of Vehumet.
   712 | D:2      | Reached skill level 4 in Unarmed Combat
   721 | D:2      | Found an ancient bone altar of Kikubaaqudgha.
   721 | D:2      | Found a sacrificial altar of Ru.
   721 | D:2      | Found a sparkling altar of Nemelex Xobeh.
   722 | D:2      | Found an opulent altar of Gozag.
   731 | D:2      | Reached XP level 3. HP: 32/36 MP: 2/2
   843 | D:2      | Found an iron altar of Okawaru.
  1339 | D:3      | Noticed Sigmund
  1351 | D:3      | Reached ** piety under Trog
  1355 | D:3      | Reached XP level 4. HP: 13/44 MP: 3/3
  1358 | D:3      | HP: 3/66 [something (2)]
  1360 | D:3      | Slain by Sigmund

Illustrated notes

Levels and vault maps discovered:
D:1:      minmay_arrival_shattered_statue, layout_loops_ring, serial_shops, shop
D:2:      layout_loops_cross, okawaru_metal_pillars_1_2,
          grunt_temple_overflow_open, hex_medium
D:3:      layout_basic, serial_shops, shop, uniq_sigmund

Skill      XL: |  1  2 |
---------------+-------+-----
Unarmed Combat | 4 |  4.8
Fighting       | |  2.4
Throwing       | |  0.7
Dodging        | |  2.4

Action                   |  1- 3 |  4- 6 || total
-------------------------+-------+-------++-------
Melee: Unarmed           |    84 |     5 ||    89
       Punch             |     1 |       ||     1
Invok: Berserk           |     1 |       ||     1
 Stab: Sleeping          |     1 |       ||     1
Armor: Animal skin       |    31 |     1 ||    32
Dodge: Dodged            |    64 |       ||    64

Table legend: (Time is in decaauts)
 A = Elapsed time spent in this place.
 B = Non-inter-level travel time spent in this place.
 C = Inter-level travel time spent in this place.
 D = Time resting spent in this place.
 E = Time spent auto-exploring this place.
 F = Levels seen in this place.
 G = Mean time per level.
                   A        B        C        D        E       F      G
               +--------+--------+--------+--------+--------+-----+--------+
         Total |   1349 |   1317 |     32 |      0 |   1128 |   3 |  449.7 |
       Dungeon |   1349 |   1317 |     32 |      0 |   1128 |   3 |  449.7 |
               +--------+--------+--------+--------+--------+-----+--------+

Top non-repeatable levels by time:
     D:1: 702 daAuts
     D:2: 590 daAuts
     D:3: 56 daAuts
